Map: Blueshift LE

Players

TYTY (TY)

  • Race: Terran Terran
  • Spawn Location: 1:00

Neeb - Winner!

  • Race: Protoss Protoss
  • Spawn Location: 7:00

Event: 2018 WCS Global Finals

VOD

Have the link to the VOD?

Description

Time

  • Played on: Oct. 26, 2018, 1:20 p.m.
  • Length: 12:45

All games in this series

Show
View Real Time Build Order
Export as new Build Order

TYTY Terran 

Build Orders: Cyclone Opening 

Get SALT Encoding   

  12  0:01  SCV  
  13  0:13  SCV  
  14  0:17  Supply Depot  
  14  0:25  SCV  
  15  0:38  SCV  
  15  0:40  Barracks  
  16  0:43  Refinery  
  16  0:50  SCV  
  16  0:54  Refinery  
  17  1:02  SCV  
  18  1:15  SCV  
  19  1:27  Reaper, Orbital Command  
  20  1:42  Factory  
  20  1:47  Supply Depot  
  20  1:55  SCV  
  21  2:04  Barracks Reactor  
  21  2:07  SCV  
  22  2:19  SCV  
  23  2:26  Cyclone  
  26  2:32  Command Center  
  26  2:38  Supply Depot  
  26  2:40  SCV  
  29  2:53  SCV  
  28  2:58  Marine  
  28  3:05  Cyclone x2  
  35  3:11  Supply Depot  
  35  3:16  Marine  
  35  3:17  SCV  
  37  3:29  SCV  
  38  3:34  Marine  
  38  3:37  Cyclone  
  41  3:41  Cyclone  
  41  3:44  Orbital Command  
  44  3:49  SCV  
  44  3:52  Marine  
  46  4:01  SCV  
  47  4:09  Widow Mine  
  49  4:10  SCV  
  49  4:13  SCV  
  49  4:14  Widow Mine  
  52  4:21  Marine  
  52  4:22  SCV  
  54  4:27  Supply Depot  
  54  4:28  SCV  
  54  4:31  Widow Mine  
  57  4:35  Widow Mine, SCV  
  60  4:40  Marine  
  60  4:43  Bunker  
  51  5:04  SCV x2  
  51  5:05  Widow Mine x2  
  54  5:16  SCV  
  54  5:19  SCV, Barracks Tech Lab  
  56  5:22  Command Center  
  59  5:28  Widow Mine x2  
  59  5:30  SCV  
  60  5:38  Marine  
  60  5:40  Stimpack  
  60  5:41  SCV  
  60  5:42  SCV  
  59  5:58  Marine  
  59  6:01  Barracks  
  56  6:06  SCV  
  56  6:08  Barracks  
  56  6:09  Barracks x2  
  56  6:11  SCV, Engineering Bay  
  54  6:12  Factory Tech Lab  
  55  6:18  SCV  
  55  6:20  Marine  
  55  6:23  SCV  
  55  6:24  Bunker  
  53  6:31  Siege Tank  
  56  6:38  Marine, SCV x2  
  57  6:46  Orbital Command  
  51  6:51  Marine x2  
  54  6:56  Marine  
  54  6:57  Missile Turret  
  54  7:00  Marine x2  
  54  7:01  Marine  
  57  7:04  Terran Infantry Weapons Level 1  
  60  7:08  Siege Tank  
  60  7:11  Marine x2  
  62  7:19  SCV x3  
  62  7:22  Barracks Reactor  
  65  7:23  Barracks Reactor, Barracks Tech Lab  
  65  7:28  Starport  
  65  7:30  Refinery  
  65  7:31  Missile Turret, Marine x2, SCV x2  
  69  7:37  Marauder  
  69  7:40  Supply Depot  
  69  7:43  Refinery  
  69  7:44  Marauder  
  73  7:49  Marine x2  
  73  7:53  SCV x2  
  73  7:58  Marine  
  73  8:00  Marine x2  
  73  8:01  SCV  
  73  8:04  Marine  
  73  8:05  Factory Reactor, SCV x2, Barracks Tech Lab  
  80  8:09  Marine x2  
  82  8:13  SCV  
  82  8:17  Medivac x2  
  82  8:18  Marine x2  
  89  8:21  Marine, Supply Depot  
  90  8:28  Marine x2  
  90  8:29  Supply Depot  
  92  8:36  Marine  
  93  8:41  Marine  
  93  8:43  Marauder x2, Widow Mine  
  93  8:47  Marine  
  89  8:49  Widow Mine  
  89  8:50  Marine x2  
  80  8:58  Marine  
  80  8:59  Marauder  
  79  9:04  Marauder, Marine, Widow Mine  
  79  9:05  Marine  
  79  9:08  Marine  
  79  9:12  Medivac  
  79  9:14  Medivac  
  79  9:17  Marine x2  
  83  9:18  Combat Shield  
  83  9:21  Marauder  
  83  9:23  Marauder, Marine  
  90  9:26  Widow Mine x2  
  94  9:31  Marine  
  94  9:35  Missile Turret, Orbital Command  
  94  9:36  Terran Infantry Armor Level 1  
  94  9:49  Marine x2  
  94  9:50  Marauder x2  
  99  9:55  Supply Depot  
  103  10:00  Marine  
  103  10:01  Marine, Ghost Academy  
  103  10:03  Marine  
  102  10:09  Marine x2  
  104  10:20  Marine x2  
  106  10:22  Orbital Command, SCV x2  
  106  10:23  SCV  
  109  10:29  Marine x2  
  109  10:30  Ghost x3  
  116  10:40  Marine  
  116  10:42  Supply Depot x2  
  117  10:43  Marine  
  117  10:47  Widow Mine x2  
  122  10:51  Marine  
  122  10:53  Marine  
  124  11:03  Marauder x3  
  124  11:04  Marine x2  
  130  11:10  Marine  
  130  11:11  Marine  
  134  11:24  Marine x2  
  134  11:25  Marauder x2  
  132  11:33  Widow Mine  
  132  11:34  Marine, Widow Mine, SCV x2  
  132  11:35  Marine  
  132  11:38  Marine  
  132  11:39  SCV  
  133  11:46  SCV  
  131  11:51  SCV x2  
  125  11:58  SCV  
  125  12:02  Factory Tech Lab  
  125  12:03  SCV  
  125  12:06  SCV  
  119  12:10  SCV  
  118  12:15  SCV  
  118  12:22  SCV  
  120  12:28  SCV  
Show
View Real Time Build Order
Export as new Build Order

Neeb Protoss - Winner!

Build Orders: Oracle Opening 

Get SALT Encoding   

  12  0:00  Probe  
  13  0:12  Probe  
  14  0:16  Pylon  
  14  0:23  Probe  
  15  0:31  Probe  
  16  0:36  Gateway  
  16  0:39  Probe  
  16  0:46  Assimilator  
  17  0:51  Probe  
  18  0:59  Assimilator  
  18  1:03  Probe  
  19  1:15  Probe  
  20  1:19  Pylon  
  20  1:25  Cybernetics Core  
  20  1:27  Probe  
  21  1:39  Probe  
  22  1:51  Probe  
  23  2:02  Stargate  
  23  2:04  Probe  
  23  2:06  Adept  
  26  2:09  Warp Gate  
  25  2:25  Nexus  
  25  2:29  Probe  
  26  2:37  Oracle, Pylon  
  26  2:41  Probe  
  30  2:53  Probe  
  31  2:59  Adept  
  33  3:05  Oracle, Probe  
  34  3:14  Pylon  
  34  3:18  Probe  
  38  3:30  Probe  
  38  3:32  Oracle  
  39  3:38  Probe  
  40  3:42  Probe  
  44  3:50  Probe  
  44  3:54  Probe  
  44  3:55  Pylon  
  46  4:00  Probe  
  46  4:01  Robotics Facility  
  47  4:06  Probe  
  47  4:08  Probe  
  48  4:10  Gateway, Phoenix  
  49  4:18  Probe  
  49  4:22  Shield Battery  
  52  4:27  Stalker  
  54  4:32  Probe x2  
  56  4:44  Probe  
  53  5:05  Stalker  
  50  5:07  Probe  
  50  5:08  Phoenix  
  50  5:10  Immortal  
  55  5:14  Probe  
  55  5:19  Probe, Shield Battery  
  56  5:22  Stalker  
  56  5:26  Probe  
  59  5:32  Probe  
  56  5:39  Stalker  
  56  5:40  Probe  
  58  5:44  Probe  
  58  5:52  Probe  
  58  5:56  Probe  
  60  6:03  Assimilator  
  58  6:05  Stalker x2  
  58  6:06  Probe  
  58  6:07  Assimilator  
  61  6:11  Probe  
  61  6:18  Probe  
  63  6:23  Forge  
  63  6:24  Observer, Nexus  
  63  6:25  Probe, Pylon  
  64  6:26  Twilight Council  
  64  6:29  Protoss Ground Weapons Level 1  
  64  6:31  Probe  
  66  6:37  Resonating Glaives  
  66  6:38  Probe  
  65  6:43  Probe  
  66  6:50  Probe  
  67  6:54  Gateway x2  
  67  6:55  Gateway  
  67  6:56  Gateway  
  67  6:57  Probe  
  67  7:00  Gateway  
  68  7:06  Sentry  
  68  7:07  Sentry  
  72  7:11  Gateway  
  72  7:17  Warp Prism  
  72  7:18  Probe  
  72  7:20  Probe  
  76  7:30  Sentry  
  76  7:32  Pylon  
  76  7:34  Pylon  
  76  7:36  Probe x2, Adept  
  82  7:38  Probe  
  83  7:48  Probe x2, Pylon  
  85  7:51  Probe, Pylon  
  85  7:56  Adept x3  
  92  8:07  Protoss Ground Armor Level 1  
  92  8:14  Probe x2  
  92  8:18  Adept x8  
  110  8:30  Assimilator  
  110  8:32  Assimilator  
  111  8:39  Adept x5  
  111  8:40  Adept  
  122  8:46  Probe x2  
  116  8:52  Probe  
  97  8:58  Probe  
  96  9:07  Adept  
  96  9:08  Adept x7  
  104  9:10  Immortal  
  108  9:23  Robotics Bay  
  108  9:29  Adept  
  108  9:30  Adept x3  
  116  9:32  Protoss Ground Weapons Level 2  
  116  9:49  Nexus  
  116  9:50  Nexus  
  116  9:51  Probe x2  
  118  9:54  Adept x3  
  118  9:57  Pylon  
  118  9:58  Pylon  
  124  10:00  Pylon  
  124  10:07  Disruptor  
  124  10:09  Probe  
  125  10:15  Probe x2  
  130  10:22  Robotics Facility, Sentry x4  
  130  10:23  Stalker  
  140  10:33  Disruptor, Shield Battery  
  130  10:38  Adept x3  
  139  10:50  Probe x2  
  139  10:53  Stalker x4  
  149  10:59  Pylon x2  
  149  11:01  Forge  
  149  11:05  Stalker x2  
  153  11:13  Disruptor  
  154  11:23  Observer  
  152  11:32  Adept x3, Stalker x3  
  154  11:33  Adept x2  
  138  11:44  Disruptor  
  141  11:48  Probe x3  
  144  11:54  Adept x6  
  144  11:55  Adept x2  
  144  12:00  Disruptor  
  163  12:07  Assimilator x2  
  162  12:24  Adept x7  
Tags
 
Add a new tag
Caveats
  • Supply blocks, unpowered buildings, or Contaminate may cause inaccurate times.
  • Supply counts are checked every 10 seconds.